 Dungeon Crawl Stone Soup version 0.28.0-53-g5a82cb258f (webtiles) character file.

Game seed: 12606172431597303197

4 ZappyNine the Grasshopper (level 1, 0/13 HPs)
             Began as a Gargoyle Warper on May 21, 2022.
             Slain by a goblin
             ... wielding a +2 vampiric dagger
              (2 damage)
             ... on level 1 of the Dungeon.
             The game lasted 00:00:09 (35 turns).

ZappyNine the Grasshopper (Gargoyle Warper)           Turns: 35, Time: 00:00:09

Health: 0/13       AC:  5    Str: 14    XL:     1   Next: 60%
Magic:  3/3        EV: 11    Int: 13    God:
Gold:   0          SH:  0    Dex:  9    Spells: 4/4 levels left

rFire   . . .      SeeInvis .   a - +0 mace
rCold   . . .      Faith    .   (no shield)
rNeg    + . .      Spirit   .   b - +0 leather armour
rPois   ∞          Reflect  .   (no helmet)
rElec   +          Harm     .   (no cloak)
rCorr   .          Rampage  .   (no gloves)
Will    .....                   (no boots)
Stlth   +.........              (no amulet)
HPRegen 0.04/turn               (no ring)
MPRegen 0.08/turn               (no ring)

@: no status effects
A: sickness immunity, AC +2, negative energy resistance 1, electricity
resistance, torment resistance 1, petrification resistance
a: no special abilities


You were on level 1 of the Dungeon.
You visited 1 branch of the dungeon, and saw 1 of its levels.

Inventory:

Hand Weapons
 a - a +0 mace (weapon)
Missiles
 d - 5 boomerangs of dispersal (quivered)
Armour
 b - a +0 leather armour (worn)
Scrolls
 c - a scroll of blinking
Potions
 e - a potion of berserk rage {unknown}


   Skills:
 + Level 2.3 Fighting
 + Level 2.1 Maces & Flails
 - Level 0.8 Throwing
 - Level 1.1 Armour
 - Level 1.5 Dodging
 - Level 2.0 Spellcasting
 + Level 2.8 Translocations


You had 4 spell levels left.
You didn't know any spells.
Your spell library contained the following spells:

 Spells                   Type           Power      Damage    Failure   Level
 Blink                    Tloc           16%        N/A       16%         2
 Gell's Gravitas          Tloc           8%         N/A       30%         3
 Lesser Beckoning         Tloc           8%         N/A       30%         3
 Teleport Other           Tloc           8%         N/A       30%         3
 Manifold Assault         Tloc           8%         N/A       95%         5


Dungeon Overview and Level Annotations

Branches:
Dungeon (1/15)

Altars:


Innate Abilities, Weirdness & Mutations

You are immune to sickness and miasma.
Your stone body is resilient. (AC +2)
You are immune to poison.
You resist negative energy. (rN+)
You are resistant to electric shocks. (rElec)
You are resistant to unholy torment.
You are immune to petrification.


Message History

No target in view!
Things that are here:
a +0 short sword; 2 stones; a kobold corpse
e - an emerald potion You see here a giant cockroach corpse.
A goblin comes into view. It is wielding a +2 vampiric dagger.
The goblin shouts!
You hear an angry hiss.
Found 22 stones.
A frilled lizard comes into view.
The frilled lizard hisses angrily.
The goblin hits you with a +2 vampiric dagger.
You closely miss the goblin.
A frilled lizard comes into view.
The goblin hits you but does no damage. The frilled lizard barely misses you.
You hit the frilled lizard.
You kill the frilled lizard!
The goblin hits you with a +2 vampiric dagger.
The goblin barely misses you.
You hit the goblin but do no damage. The goblin hits you but does no damage.
You barely miss the goblin.
The goblin hits you with a +2 vampiric dagger.
You are too injured to fight recklessly!
You are too injured to fight recklessly!
You are too injured to fight recklessly!
You are too injured to fight recklessly!
You are too injured to fight recklessly!
You are too injured to fight recklessly!
You are too injured to fight recklessly!
You are too injured to fight recklessly!
There are monsters nearby!
There are monsters nearby!
You are too injured to fight recklessly!
You barely miss the goblin.
The goblin hits you with a +2 vampiric dagger. x2
* * * LOW HITPOINT WARNING * * *
The frilled lizard bites you.
* * * LOW HITPOINT WARNING * * *
You closely miss the goblin.
The goblin hits you with a +2 vampiric dagger.
You die...

#..... #..... ####..⌠
#.....##.##.###......
#........##.'.....⌠.<
..).....##.###......
##.....#...#####..⌠
#.....>....# ##..
#!....†...## #..
#.#......)..# #..
#..g@.......# ##.
#..l......#.# #.
#......##...... #+
#...............
...........#.......
..#####..........#.#
# ##....(#.###..
.....##


You could see a goblin and a frilled lizard.

Vanquished Creatures
  A giant cockroach (D:1)
  A kobold (D:1)
  A ball python (D:1)
  A frilled lizard (D:1)
4 creatures vanquished.

Notes
Turn   | Place    | Note
-------+----------+-------------------------------------------
     0 | D:1      | ZappyNine the Gargoyle Warper began the quest for the Orb.
     0 | D:1      | Reached XP level 1. HP: 12/12 MP: 3/3
    35 | D:1      | Slain by a goblin

Illustrated notes

Levels and vault maps discovered:
D:1:      evilmike_arrival_plus, layout_rooms, bh_walls_and_bars

Action                   || total
-------------------------++-------
Melee: Mace              ||    12
Armor: Leather armour    ||     4
Dodge: Dodged            ||     5
